 Dungeon Crawl Stone Soup version 0.27-a0-1431-gcffa5a9b16 (webtiles) character file.

Game seed: 18004247692749083852

88 Sobieck the Stinger (level 4, 0/27 HPs)
             Began as an Octopode Venom Mage on July 2, 2021.
             Slain by an orc (7 damage)
             ... on level 2 of the Dungeon.
             The game lasted 00:06:44 (3448 turns).

Sobieck the Stinger (Octopode Venom Mage)           Turns: 3448, Time: 00:06:44

Health: 0/27       AC:  1    Str:  7    XL:     4   Next: 54%
Magic:  5/9        EV: 13    Int: 18    God:
Gold:   22         SH:  0    Dex: 12    Spells: 6/9 levels left

rFire    . . .     SeeInvis .   i - +0 long sword {long}
rCold    . . .     Faith    .   (no shield)
rNeg     . . .     Spirit   .   (helmet restricted)
rPois    .         Reflect  .   m - amulet of the acrobat
rElec    .         Harm     .   (no ring)
rCorr    .         Rampage  .   (no ring)
Will     .....                  (no ring)
Stlth    +++.......             (no ring)
HPRegen  0.09/turn              (no ring)
MPRegen  0.11/turn              (no ring)
                                (no ring)
                                (no ring)

@: no status effects
A: almost no armour, amphibious, 8 rings, camouflage 1, gelatinous body 1,
(nimble swimmer 1), tentacles
a: no special abilities


You were on level 2 of the Dungeon.
You visited 1 branch of the dungeon, and saw 4 of its levels.

You collected 22 gold pieces.


Innate Abilities, Weirdness & Mutations

You cannot wear most types of armour.
You are amphibious.
You can wear up to eight rings at the same time.
Your skin changes colour to match your surroundings (Stealth+).
Your rubbery body absorbs attacks. (AC +1, EV +1)
((You are camouflaged near water. (Stealth+)))
You have tentacles for arms and can constrict up to eight enemies at once.


   Skills:
 - Level 2.0 Dodging
 - Level 2.6 Stealth
 + Level 3.3 Spellcasting
 - Level 1.0 Transmutations
 + Level 5.1 Poison Magic


You had 6 spell levels left.
You knew the following spells:

 Your Spells              Type           Power      Damage    Failure   Level
a - Sting                 Tmut/Pois      56%        1d5       4%          1
b - Poisonous Vapours     Pois/Air       24%        N/A       9%          2

Your spell library contained the following spells:

 Spells                   Type           Power      Damage    Failure   Level
 Foxfire                  Conj/Fire      12%        2x1d4     16%         1
 Magic Dart               Conj           12%        1d3       16%         1
 Olgreb's Toxic Radiance  Pois           21%        N/A       19%         4
 Ignite Poison            Fire/Tmut/Pois 10%        N/A       21%         3
 Call Imp                 Summ           3%         N/A       24%         2
 Mephitic Cloud           Conj/Pois/Air  9%         N/A       24%         3
 Conjure Flame            Conj/Fire      3%         6-21      43%         3
 Gell's Gravitas          Tloc           1%         N/A       43%         3
 Inner Flame              Hex/Fire       3%         N/A       43%         3
 Lesser Beckoning         Tloc           1%         N/A       43%         3
 Teleport Other           Tloc           3%         N/A       43%         3
 Tukima's Dance           Hex            3%         N/A       43%         3
 Ice Form                 Ice/Tmut       4%         N/A       77%         4
 Hailstorm                Conj/Ice       3%         3d3       83%         4
 Passage of Golubria      Tloc           N/A        N/A       83%         4
 Yara's Violent Unravell  Hex/Tmut       2%         3d3       98%         5
 Bolt of Magma            Conj/Fire/Erth 1%         4d4       99%         5
 Simulacrum               Ice/Necr       1%         N/A       100%        6

Inventory:

Hand Weapons
 a - a +0 dagger {short}
   (You found it on level 1 of the Dungeon)
 c - a +0 club {mace}
   (You took it off a goblin on level 1 of the Dungeon)
 f - a +3 mace of draining {mace}
   (You found it on level 1 of the Dungeon)
 i - a +0 long sword (weapon) {long}
   (You found it on level 1 of the Dungeon)
 p - a +0 dagger of venom {short}
   (You took it off a goblin on level 3 of the Dungeon)
Missiles
 d - 37 sling bullets
 g - 69 stones {throwing}
 l - 29 arrows
Jewellery
 m - an amulet of the acrobat (around mantle)
   (You found it on level 2 of the Dungeon)
Potions
 b - a potion of curing {@q1}
 e - a potion of attraction {unknown}
 h - 2 potions of cancellation {unknown}
 k - a potion of invisibility {unknown}
 n - a potion of resistance {unknown}

Dungeon Overview and Level Annotations

Branches:
Dungeon (4/15)
 Temple: D:4-7

Altars:

#..######.........#
###############..# #.........#
#.............#..# #.........#
#.###########.#..# #.....#####
#.# #.......#.#..# #####.# #.#
#.....#.#.#..# #.# #.#
#.........#..# #.#####
#.###....##.###o.##########......
................@........†.).....
#####....##.###o#################
#....##.###.#####....<#
#....##.#......##.###########
#....##.#.#.##.##............
###....##.#.#.##.##############
#.........#.#.##.#
#.#....####.#.##)########
#.#####.....#.#.........#


You could see an orc wizard (very poisoned) and an orc (poisoned).


Message History

An orc comes into view. It is wielding a +0 hand axe.
A rat, an orc and an orc wizard come into view.
Unknown command.
There is a stone staircase leading up, spattered with blood here.
The sting hits the orc.
The orc is poisoned. 😎 MP[-1]
You lost 1 mp, and now have 7/8 mp.
You hit the orc.
You kill the orc!
The sting misses the rat. 😎 MP[-1]
You lost 1 mp, and now have 6/8 mp.
You closely miss the rat. Your grab misses the rat. You squeeze the rat.
You kill the rat!
You start resting. 😎 MP[+3]
Your mp is fully restored (9).
Things that are here:
a +0 hand axe {axe}; a +0 leather armour; a rat corpse An orc comes into view.
It is wielding a +0 dagger.
The orc shouts!
The orc moves out of view.
You can't see any susceptible monsters within range! (Use Z to cast anyway.) Unknown command.
The orc shouts!
The orc wizard shouts!
The orc wizard casts a spell at you. The puff of flame hits you! 😮 HP[-11]
You take 11 damage, and now have 16/27 hp.
MASSIVE DAMAGE!! (PAUSE)
The orc wizard points at you and mumbles some strange words.
The magic dart hits you!
* * * LOW HITPOINT WARNING * * *
😨 HP[-8]
You take 8 damage, and now have 8/27 hp.
MASSIVE DAMAGE!! (PAUSE)
Things that are here:
a +0 hand axe {axe}; a +0 leather armour; a rat corpse
There is a stone staircase leading up, spattered with blood here.
The orc wizard casts a spell at you. The magic dart hits you!
* * * LOW HITPOINT WARNING * * *
You climb upwards.
There is a stone staircase leading down here. 😱 HP[-7]
You take 7 damage, and now have 1/27 hp.
MASSIVE DAMAGE!! (PAUSE)
You start resting. 😎 HP[+26]
Your hp is fully restored (27).
You climb downwards.
The orc barely misses you. The orc wizard misses you.
There is a stone staircase leading up, spattered with blood here.
The orc barely misses you.
You riposte.
You closely miss the orc. Your grab misses the orc.
The orc wizard hits you with a +0 dagger.
You climb upwards.
There is a stone staircase leading down here. 😕 HP[-4]
You take 4 damage, and now have 23/27 hp.
Casting: Sting (safe; 4% risk of failure)
Confirm with . or Enter, or press ? or * to list all spells.
Aiming: Sting (safe; 4% risk of failure)
Press: ? - help, Shift-Dir - straight line, f - orc wizard
Aim: an orc wizard, wielding a +0 dagger and wearing a +0 robe (64% to hit)
The sting misses the orc wizard.
The orc hits you with a +0 flail!
The orc wizard hits you with a +0 dagger.
* * * LOW HITPOINT WARNING * * *
😨 HP[-12] MP[-1]
You take 12 damage, and now have 11/27 hp.
MASSIVE DAMAGE!! (PAUSE)
You lost 1 mp, and now have 8/9 mp.
Casting: Sting (safe; 4% risk of failure)
Confirm with . or Enter, or press ? or * to list all spells.
Aiming: Sting (safe; 4% risk of failure)
Press: ? - help, Shift-Dir - straight line, f/p - orc wizard
Aim: an orc wizard, wielding a +0 dagger and wearing a +0 robe (64% to hit)
The sting hits the orc wizard but does no damage.
The orc wizard is poisoned.
The orc closely misses you.
The orc wizard closely misses you. 😨 MP[-1]
You lost 1 mp, and now have 7/9 mp.
Casting: Sting (safe; 4% risk of failure)
Confirm with . or Enter, or press ? or * to list all spells.
Aiming: Sting (safe; 4% risk of failure)
Press: ? - help, Shift-Dir - straight line, f/p - orc wizard
Aim: an orc wizard, wielding a +0 dagger and wearing a +0 robe (lightly wounded, poisoned, 64% to hit)
The sting hits the orc wizard.
The orc wizard looks even sicker.
The orc hits you with a +0 flail.
* * * LOW HITPOINT WARNING * * *
The orc wizard completely misses you. 😨 HP[-4] MP[-1]
You take 4 damage, and now have 7/27 hp.
You lost 1 mp, and now have 6/9 mp.
Casting: Sting (safe; 4% risk of failure)
Confirm with . or Enter, or press ? or * to list all spells.
Aiming: Sting (safe; 4% risk of failure)
Press: ? - help, Shift-Dir - straight line, f - orc, p - orc wizard
Aim: an orc, wielding a +0 flail (71% to hit)
The sting hits the orc.
The orc is poisoned.
The orc hits you with a +0 flail!
You die...

Skill      XL: |  1  2  3  4 |
---------------+-------------+-----
Poison Magic   | 4 5 |  5.1
Spellcasting   | 3 |  3.3
Dodging        | |  2.0
Stealth        | |  2.6
Transmutations | |  1.0

Action                   |  1- 3 |  4- 6 || total
-------------------------+-------+-------++-------
Melee: Unarmed           |     4 |       ||     4
       Constrict         |     5 |     3 ||     8
       Mace              |     5 |       ||     5
       Tentacles         |     4 |     2 ||     6
       Long sword        |    13 |    15 ||    28
 Cast: Sting             |    48 |    29 ||    77
       Poisonous Vapours |       |     1 ||     1
  Use: Scroll            |       |     2 ||     2
       Potion            |       |     1 ||     1
 Stab: Sleeping          |     1 |     1 ||     2
Armor: Skin              |     5 |     1 ||     6
Dodge: Dodged            |    17 |    15 ||    32
       Rpst.: Long sword |     2 |     5 ||     7

Levels and vault maps discovered:
D:1:      mrwooster_arrival_statue_2, layout_basic, roderic_serpentine_path
D:2:      layout_basic
D:3:      layout_basic
D:4:      minmay_bubble_buster, layout_basic

Notes
Turn   | Place    | Note
-------+----------+-------------------------------------------
     0 | D:1      | Sobieck the Octopode Venom Mage began the quest for the
                  | Orb.
     0 | D:1      | Reached XP level 1. HP: 11/11 MP: 3/3
     0 | D:1      | magus.rc [v1.9.6]
   231 | D:1      | You pick up a book of Displacement and begin reading...
   231 | D:1      | You add the spells Lesser Beckoning, Gell's Gravitas and
                  | Teleport Other to your library.
   274 | D:1      | Reached XP level 2. HP: 15/17 MP: 3/5
   367 | D:1      | Reached skill level 4 in Poison Magic
   936 | D:1      | Reached XP level 3. HP: 21/21 MP: 4/6
  1149 | D:1      | You pick up a book of Minor Magic and begin reading...
  1149 | D:1      | You add the spells Magic Dart and Call Imp to your library.
  1181 | D:2      | You fall into a shaft and drop 1 floor!
  1453 | D:3      | Reached skill level 3 in Spellcasting
  1532 | D:2      | Learned a level 2 spell: Poisonous Vapours
  1748 | D:2      | You pick up a book of Flames and begin reading...
  1748 | D:2      | You add the spells Foxfire, Conjure Flame and Inner Flame
                  | to your library.
  1773 | D:2      | You pick up a book of the Tundra and begin reading...
  1773 | D:2      | You add the spells Hailstorm, Ice Form and Simulacrum to
                  | your library.
  1792 | D:2      | Reached XP level 4. HP: 23/27 MP: 3/8
  1801 | D:2      | You pick up a book of Minor Magic and begin reading...
  2651 | D:2      | You add the spells Tukima's Dance, Passage of Golubria and
                  | Yara's Violent Unravelling to your library.
  2688 | D:2      | Reached skill level 5 in Poison Magic
  3160 | D:3      | HP: 1/27 [orc wizard/magic dart (7)]
  3448 | D:2      | Slain by an orc

Vanquished Creatures
  An adder (D:2)
  A white imp (D:3)
  3 worms
  2 orcs (D:3)
  5 bats
  3 endoplasms
  3 giant cockroaches
  12 goblins
  4 hobgoblins
  7 jackals
  A quokka (D:3)
  4 ball pythons
  2 frilled lizards
  3 kobolds
  4 rats
55 creatures vanquished.

Table legend:
 A = Non-vault XP
 B = Vault XP
 C = Vault XP percentage of total XP
 D = Non-vault monster count
 E = Vault monster count
 F = Vault count percentage of total count
                 A         B        C        D         E       F
            +---------+---------+-------+---------+---------+-------
      Total |     127 |       0 |   0.0 |      55 |       0 |   0.0
            +---------+---------+-------+---------+---------+-------
        D:1 |      38 |       0 |   0.0 |      22 |       0 |   0.0
        D:2 |      54 |       0 |   0.0 |      20 |       0 |   0.0
        D:3 |      35 |       0 |   0.0 |      13 |       0 |   0.0
            +---------+---------+-------+---------+---------+-------

Illustrated notes

Table legend:
 A = Kills in this place as a percentage of kills in entire the game.
 B = Kills by you in this place as a percentage of kills by you in the entire game.
 C = Kills by friends in this place as a percentage of kills by friends in the entire game.
 D = Other kills in this place as a percentage of other kills in the entire game.
 E = Experience gained in this place as a percentage of experience gained in the entire game.
 F = Experience gained in this place divided by the number of levels of this place that you have seen.
                   A       B       C       D       E      F
               +-------+-------+-------+-------+-------+----------------------
         Total | 100.0 | 100.0 |   N/A |   N/A | 100.0 |  31.8
       Dungeon | 100.0 | 100.0 |   N/A |   N/A | 100.0 |  31.8
               +-------+-------+-------+-------+-------+----------------------

Table legend: (Time is in decaauts)
 A = Elapsed time spent in this place.
 B = Non-inter-level travel time spent in this place.
 C = Inter-level travel time spent in this place.
 D = Time resting spent in this place.
 E = Time spent auto-exploring this place.
 F = Levels seen in this place.
 G = Mean time per level.
                   A        B        C        D        E       F      G
               +--------+--------+--------+--------+--------+-----+--------+
         Total |   3469 |   3263 |    206 |    906 |   1822 |   4 |  867.2 |
       Dungeon |   3469 |   3263 |    206 |    906 |   1822 |   4 |  867.2 |
               +--------+--------+--------+--------+--------+-----+--------+

Top non-repeatable levels by time:
     D:2: 1900 daAuts
     D:1: 1152 daAuts
     D:3: 413 daAuts
     D:4: 3 daAuts
